Map: Kairos Junction LE

Players

RlSky (RiSky)

  • Race: Zerg Zerg
  • League: Master
  • Spawn Location: 11:00

SouLeer - Winner!

  • Race: Zerg Zerg
  • League: Master
  • Spawn Location: 5:00

Event: HomeStory Cup XIX

VOD

Have the link to the VOD?

Description

Time

  • Played on: June 27, 2019, 12:56 p.m.
  • Length: 3:58

All games in this series

Show
View Real Time Build Order
Export as new Build Order

RlSky Zerg 

Build Orders: Hatch First 

Get SALT Encoding   

  12  0:00  Drone  
  13  0:12  Overlord  
  13  0:16  Drone  
  14  0:30  Drone x2  
  16  0:48  Hatchery  
  15  0:51  Drone  
  15  0:54  Drone  
  17  1:08  Spawning Pool  
  17  1:11  Drone  
  17  1:15  Drone  
  17  1:17  Extractor  
  17  1:19  Drone  
  18  1:27  Drone  
  19  1:38  Drone  
  20  1:48  Overlord  
  20  1:55  Queen  
  20  1:59  Queen  
  20  2:00  Drone x2  
  26  2:10  Zergling x2  
  26  2:11  Zergling x2  
  28  2:20  Metabolic Boost  
  28  2:21  Drone x2  
  29  2:43  Drone  
  29  2:47  Drone  
  29  2:49  Baneling Nest, Overlord  
  29  2:51  Zergling x2  
  30  2:56  Drone  
  31  2:59  Zergling x2  
  32  3:07  Hatchery  
  32  3:11  Zergling x4  
  33  3:16  Zergling x6  
  35  3:20  Zergling x2  
  35  3:23  Zergling x2  
  35  3:26  Zergling x2  
  31  3:35  Baneling  
Show
View Real Time Build Order
Export as new Build Order

SouLeer Zerg - Winner!

Build Orders: Pool First 

Get SALT Encoding   

  12  0:00  Drone  
  13  0:12  Overlord  
  13  0:16  Drone  
  14  0:30  Drone x2  
  16  0:40  Spawning Pool  
  15  0:44  Drone  
  15  0:46  Extractor  
  15  0:50  Drone  
  15  0:56  Drone  
  17  1:16  Hatchery  
  16  1:27  Zergling x4  
  16  1:28  Zergling x2  
  19  1:38  Queen  
  21  1:48  Metabolic Boost  
  21  1:54  Overlord  
  21  1:57  Zergling x2  
  22  2:13  Zergling x4  
  24  2:16  Queen  
  24  2:22  Zergling x2  
  27  2:28  Zergling x2  
  28  2:33  Zergling x2  
  29  2:39  Zergling x2  
  29  2:43  Zergling x2  
  30  2:46  Zergling x6  
  30  2:49  Overlord  
  33  2:55  Zergling x2  
  34  3:01  Zergling x2  
  35  3:08  Zergling x2  
  35  3:12  Zergling x2  
  37  3:17  Zergling x2  
  37  3:18  Zergling x6  
  40  3:24  Zergling x6  
  40  3:29  Zergling x4  
  41  3:36  Zergling x2  
  41  3:40  Zergling x2  
Tags
 
Add a new tag
Caveats
  • Supply blocks, unpowered buildings, or Contaminate may cause inaccurate times.
  • Supply counts are checked every 10 seconds.